 Dungeon Crawl Stone Soup version 0.29.0-11-gd7f09526c8 (webtiles) character file.

Game seed: 6817133695255456176

436 SensoryNuts the Slasher (level 6, -8/49 HPs)
             Began as a Demonspawn Fighter on Sept 3, 2022.
             Killed by divine providence
             ... invoked by an orc priest
              (10 damage)
             ... on level 6 of the Dungeon.
             The game lasted 00:03:15 (3272 turns).

SensoryNuts the Slasher (Demonspawn Fighter)        Turns: 3272, Time: 00:03:16

Health: -8/49      AC:  7    Str: 16    XL:     6   Next: 69%
Magic:  6/6        EV:  9    Int: 13    God:
Gold:   129        SH:  5    Dex: 13    Spells: 5/5 levels left

rFire   . . .      SeeInvis .   a - +0 long sword
rCold   . . .      Faith    .   c - +1 buckler
rNeg    . . .      Spirit   .   b - +0 scale mail
rPois   .          Reflect  .   (no helmet)
rElec   .          Harm     .   (no cloak)
rCorr   .          Rampage  .   (no gloves)
Will    .....      Rnd*Tele +   (no boots)
Stlth   ..........              (no amulet)
HPRegen 0.96/turn               (no ring)
MPRegen 0.10/turn               (no ring)

@: no status effects
A: rugged brown scales 1, weakness stinger 1, clever 1, mutation resistance 1,
regeneration 1, teleportitis 1
a: no special abilities


You were on level 6 of the Dungeon.
You visited 1 branch of the dungeon, and saw 4 of its levels.

You collected 129 gold pieces.

Inventory:

Hand Weapons
 a - a +0 long sword (weapon)
Armour
 b - a +0 scale mail (worn)
 c - a +1 buckler (worn)
Wands
 j - a wand of flame (17)
Scrolls
 g - a scroll of enchant weapon
 h - 2 scrolls of amnesia
 i - a scroll of enchant armour
Potions
 e - 2 potions of lignification
 f - a potion of degeneration {unknown}
 k - a potion of mutation


   Skills:
 + Level 3.7 Fighting
 * Level 5.1 Long Blades
 + Level 3.6 Armour
 + Level 1.2 Dodging
 + Level 0.2 Stealth
 + Level 3.1 Shields


You had 5 spell levels left.
You didn't know any spells.
Your spell library contained the following spells:

 Spells                   Type           Power      Damage    Failure   Level
 Gell's Gravitas          Tloc           0%         N/A       99%         3
 Lesser Beckoning         Tloc           0%         N/A       99%         3
 Teleport Other           Tloc           0%         N/A       99%         3


Dungeon Overview and Level Annotations

Branches:
Dungeon (3/15)

Altars:
Dithmenos
Okawaru

Shops:
D:2 (


Innate Abilities, Weirdness & Mutations

You are partially covered in rugged brown scales. (AC +1, +3% HP)
You have a small tail.
Your mind is acute. (Int +4, Str/Dex -1)
You are somewhat resistant to further mutation.
Your natural rate of healing is unusually fast.
You are occasionally teleported next to monsters.


Message History

You barely miss the orc wizard.
An orc wizard comes into view. It is wielding a +0 dagger.
The orc wizard casts a spell at you. You resist with some effort.
The orc priest hits you but does no damage.
You closely miss the orc wizard.
The orc wizard shouts!
Your tail-slap misses the orc wizard.
An iguana comes into view.
The orc wizard gestures at you while chanting.
You resist with some effort.
The orc priest hits you but does no damage.
The orc wizard mumbles some strange words.
The orc wizard flickers and vanishes!
Deactivating autopickup; reactivate with Ctrl-A.
The orc priest calls down the wrath of Beogh upon you.
Beogh smites you!
The orc warrior attacks as you move away!
The orc warrior hits you but does no damage.
The orc warrior attacks as you move away!
You block the orc warrior's attack.
There is an open door here.
A magic dart appears from out of thin air!
The magic dart hits you but does no damage.
The orc priest begins to cast a cantrip, but forgets the words!
The orc priest calls down the wrath of Beogh upon you.
Beogh smites you!
* * * LOW HITPOINT WARNING * * *
Okay, then.
As you read the scroll of identify, it crumbles to dust.
g - a scroll of enchant weapon The orc wizard gestures wildly while chanting.
The orc wizard flickers and vanishes!
The orc warrior closely misses you.
Unknown command.
The orc priest calls down the wrath of Beogh upon you.
Beogh smites you!
* * * LOW HITPOINT WARNING * * *
The orc priest invokes the aid of Beogh against you.
Beogh smites you!
You die...

#........
.###........#
########.
............#
###.........#
............#
##....ooo...#
#..###'###...#
.... #o# ..##
#############.# .#
####...........@.#
.
#.##.###########.#
#.##.# #.# #....#
#.# #.#### ### #.#
##.# ...# ##.#


You could see an orc warrior and 2 orc priests.

Vanquished Creatures
  An ice beast (D:6)
  A phantom (D:6)
  A kobold brigand (D:6)
  A necrophage (D:6)
  A scorpion (D:6)
  2 adders (D:2)
  An ufetubus (D:6)
  A worm (D:2)
  2 dart slugs
  8 ball pythons
  3 giant cockroaches
  7 goblins
  6 hobgoblins
  4 jackals (D:3)
  A quokka (D:1)
  6 bats
  4 frilled lizards
  8 kobolds
  7 rats
65 creatures vanquished.

Notes
Turn   | Place    | Note
-------+----------+-------------------------------------------
     0 | D:1      | SensoryNuts the Demonspawn Fighter began the quest for the
                  | Orb.
     0 | D:1      | Reached XP level 1. HP: 18/18 MP: 1/1
   347 | D:1      | Reached skill level 2 in Long Blades
   438 | D:1      | Gained mutation: You have a small tail. [demonic ancestry]
   438 | D:1      | Reached XP level 2. HP: 24/24 MP: 2/2
  1162 | D:1      | Gained mutation: You are partially covered in rugged brown
                  | scales. (AC +1, +3% HP) [demonic ancestry]
  1162 | D:1      | Reached XP level 3. HP: 23/29 MP: 3/3
  1869 | D:2      | Found an iron altar of Okawaru.
  2059 | D:2      | Found Caxucogen's Antique Weapon Boutique.
  2155 | D:2      | Found a faded altar of an unknown god.
  2197 | D:2      | Reached skill level 3 in Long Blades
  2543 | D:2      | Reached XP level 4. HP: 36/36 MP: 4/4
  3002 | D:3      | Found a shadowy altar of Dithmenos.
  3003 | D:3      | You fall into a shaft and drop 3 floors!
  3004 | D:6      | Noticed an ice beast
  3011 | D:6      | Killed an ice beast
  3012 | D:6      | Reached skill level 4 in Long Blades
  3012 | D:6      | Reached XP level 5. HP: 42/42 MP: 5/5
  3021 | D:6      | Reached skill level 1 in Dodging
  3022 | D:6      | Gained mutation: Your mind is acute. (Int +4, Str/Dex -1)
                  | [potion of mutation]
  3022 | D:6      | Gained mutation: Your natural rate of healing is unusually
                  | fast. [potion of mutation]
  3022 | D:6      | Gained mutation: You are occasionally teleported next to
                  | monsters. [potion of mutation]
  3022 | D:6      | Gained mutation: You are somewhat resistant to further
                  | mutation. [potion of mutation]
  3023 | D:6      | HP: 1/42 [poisoned by a scorpion]
  3074 | D:6      | Reached XP level 6. HP: 48/48 MP: 6/6
  3205 | D:6      | Reached skill level 5 in Long Blades
  3260 | D:6      | Noticed an orc warrior
  3272 | D:6      | HP: 2/49 [orc priest/divine providence (12)]
  3272 | D:6      | Killed from afar by an orc priest

Illustrated notes

Levels and vault maps discovered:
D:1:      dpeg_arrival_water_fire, layout_basic, chequers_serial_rivers_micro_a,
          minivault_24
D:2:      layout_loops_ring, serial_shops, nicolae_shop_waterfront, basic_altar,
          hellmonk_ecumenical_altar_run_dry, grunt_ministairs_12, hex_tiny,
          minmay_quadrilaterals
D:3:      layout_basic, old_standard_altar, uniq_natasha
D:6:      layout_basic, mainiacjoe_overflow_concentric_impassable

Skill      XL: |  1  2  3  4  5  6 |
---------------+-------------------+-----
Long Blades    | 2 3 4 5 |  5.1
Armour         | 3 |  3.6
Shields        | 3 |  3.1
Dodging        | 1 |  1.2
Fighting       | |  3.7
Stealth        | |  0.2

Action                   |  1- 3 |  4- 6 || total
-------------------------+-------+-------++-------
Melee: Long sword        |   149 |    97 ||   246
       Tailslap          |     9 |     6 ||    15
  Use: Scroll            |     4 |     4 ||     8
       Potion            |       |     5 ||     5
Armor: Scale mail        |    68 |    50 ||   118
Dodge: Dodged            |    60 |    36 ||    96
Block: Buckler           |    42 |    28 ||    70
